 Dungeon Crawl Stone Soup version 0.26-a0-958-gf3041fb45f (webtiles) character file.

Game seed: 10779591059170572675

588 lunkers the Reanimator (level 7, 0/57 HPs)
             Began as a Deep Dwarf Necromancer on Dec 1, 2020.
             Killed by divine providence
             ... invoked by an orc priest
              (8 damage)
             ... on level 4 of the Dungeon.
             The game lasted 00:12:03 (4730 turns).

lunkers the Reanimator (Deep Dwarf Necromancer)     Turns: 4730, Time: 00:12:04

Health: 0/57       AC:  4    Str: 11    XL:     7   Next: 15%
Magic:  0/9        EV: 12    Int: 20    God:
Gold:   65         SH:  5    Dex: 13    Spells: 5/9 levels left

rFire    . . .     SeeInvis .   s - +0 hand axe (vorpal)
rCold    . . .     Faith    .   j - +0 buckler
rNeg     . . .     Spirit   .   a - +0 robe
rPois    .         Reflect  .   h - +0 helmet
rElec    .         Harm     .   (no cloak)
rCorr    +         Rampage  .   g - +0 pair of gloves
MR       +....     Clarity  +   (no boots)
Stlth    ++........             (no amulet)
HPRegen  0.00/turn              d - ring of resist corrosion
MPRegen  0.11/turn              (no ring)

@: non-regenerating
A: damage resistance, heal wounds, clarity, clever 1, sense surroundings 1, no
regeneration
a: Heal Wounds


You were on level 4 of the Dungeon.
You visited 1 branch of the dungeon, and saw 4 of its levels.
You also visited: Sewer.

You collected 65 gold pieces.

Inventory:

Hand Weapons
 b - a +0 short sword
 s - a +0 vorpal hand axe (weapon)
Missiles
 f - 8 curare-tipped darts
Armour
 a - a +0 robe (worn)
 g - a +0 pair of gloves (worn)
 h - a +0 helmet (worn)
 j - a +0 buckler (worn)
 t - a +0 ring mail of cold resistance
Jewellery
 d - a ring of resist corrosion (left hand)
Wands
 r - a wand of paralysis (1)
 u - a wand of random effects (17)
Scrolls
 e - a scroll of identify
 i - 4 scrolls of remove curse {unknown}
 k - a scroll of fog {unknown}
 m - 2 scrolls of enchant armour {unknown}
 n - a scroll of fear {unknown}
 q - a scroll of random uselessness {unknown}
 v - 2 scrolls of teleportation {unknown}
Potions
 c - a potion of mutation
 l - a potion of curing
 o - a potion of invisibility
 p - 3 potions of flight


   Skills:
 + Level 1.1 Fighting
 - Level 2.1 Dodging
 - Level 2.4 Stealth
 + Level 3.9 Shields
 - Level 1.7 Spellcasting
 * Level 8.4 Necromancy


You had 5 spell levels left.
You knew the following spells:

 Your Spells              Type           Power        Failure   Level
a - Vampiric Draining     Necr           #####.....   1%          3
b - Pain                  Necr           ####         1%          1

Your spell library contained the following spells:

 Spells                   Type           Power        Failure   Level
 Animate Skeleton         Necr           #####.       1%          1
 Animate Dead             Necr           #####.....   4%          4
 Agony                    Necr           #####...     14%         5


Dungeon Overview and Level Annotations

Branches:
Dungeon (4/15)              Sewer (visited)
 Temple: D:4-7

Altars:
Hepliaklqana

Annotations:
D:2 1 runed translucent door, Crazy Yiuf


Innate Abilities, Weirdness & Mutations

You are resistant to damage.
You can heal yourself by infusing magical energy.
You passively map a small area around you.
You do not regenerate.
You possess an exceptional clarity of mind.
Your mind is acute. (Int +2)


Message History

* * * LOW HITPOINT WARNING * * *
Casting: Vampiric Draining (safe; 1% risk of failure)
Confirm with . or Enter, or press ? or * to list all spells.
Aiming: Vampiric Draining (safe; 1% risk of failure)
Press: ? - help, Shift-Dir - straight line, f - orc priest
Aim: an orc priest, wielding a +0 falchion and wearing a +3 ring mail of poison resistance (moderately wounded)
The orc priest is almost dead.
You feel life coursing into your body.
* * * LOW MAGIC WARNING * * *
The orc priest invokes the aid of Beogh against you.
You resist with significant effort.
You hit the orc priest but do no damage.
The orc priest is almost dead.
The orc priest hits you with a +0 falchion.
The orc priest barely misses you.
You barely miss the orc priest.
The orc priest is almost dead.
The orc priest mumbles some strange prayers to Beogh against you.
Beogh smites you!
You die...

########### #........)#
#.......<.# #(........#
#.†.......##############
..............).@o?.....
...............###......
..####.........# ,....$
...............+ ....
..####.........# ... * *
..#**#.........# ..
...............# .
...............# , *
..... ,,, *,


You could see an orc priest.

Vanquished Creatures
  Purgy (Sewer)
  An orc warrior (D:3)
  A centaur (D:4)
  A hound (D:4)
  An orc wizard (D:3)
  An orc priest (D:4)
  Robin (D:1)
  4 gnolls (D:3)
  9 adders
  2 worms (D:3)
  4 dart slugs
  4 leopard geckos
  8 orcs
  4 giant cockroaches
  9 goblins
  5 hobgoblins
  3 jackals (D:2)
  8 kobolds
  3 quokkas
  A ball python (D:3)
  7 bats
  2 frilled lizards
  12 rats
92 creatures vanquished.

Notes
Turn   | Place    | Note
-------+----------+-------------------------------------------
     0 | D:1      | lunkers the Deep Dwarf Necromancer began the quest for the
                  | Orb.
     0 | D:1      | Reached XP level 1. HP: 15/15 MP: 3/3
   196 | D:1      | Reached skill level 5 in Necromancy
   196 | D:1      | Reached XP level 2. HP: 22/22 MP: 0/4
   955 | D:1      | Reached XP level 3. HP: 28/28 MP: 1/5
  1502 | D:2      | Found a runed translucent door.
  1503 | D:2      | Noticed Crazy Yiuf
  1653 | D:2      | Reached skill level 6 in Necromancy
  1809 | D:2      | Noticed Robin
  1853 | D:2      | Gained mutation: Your mind is acute. (Int +2) [potion of
                  | mutation]
  1853 | D:2      | Gained mutation: You possess an exceptional clarity of
                  | mind. [potion of mutation]
  1867 | D:2      | Reached skill level 1 in Shields
  1867 | D:2      | Reached XP level 4. HP: 34/36 MP: 3/6
  1878 | D:1      | Killed Robin
  2098 | D:2      | Learned a level 3 spell: Vampiric Draining
  2668 | D:3      | Found a glowing drain.
  2892 | Sewer    | Entered a sewer
  3059 | Sewer    | Noticed Purgy
  3067 | Sewer    | Killed Purgy
  3068 | Sewer    | Reached skill level 7 in Necromancy
  3068 | Sewer    | Reached XP level 5. HP: 21/42 MP: 0/7
  3324 | D:3      | Paralysed by something for 5 turns
  3339 | D:3      | Paralysed by something for 6 turns
  3507 | D:3      | Reached XP level 6. HP: 34/49 MP: 4/8
  4169 | D:3      | Noticed an orc warrior
  4261 | D:3      | Killed an orc warrior
  4262 | D:3      | Reached skill level 8 in Necromancy
  4358 | D:3      | Found a hazy altar of Hepliaklqana.
  4523 | D:4      | Reached XP level 7. HP: 44/56 MP: 2/9
  4718 | D:4      | Reached skill level 1 in Fighting
  4730 | D:4      | Killed from afar by an orc priest

Illustrated notes

Levels and vault maps discovered:
D:1:      ncdulo_watergridlock, layout_loops_corners
D:2:      layout_loops_corners, uniq_crazy_yiuf_cottage, uniq_robin
D:3:      layout_basic, lemuel_doored_altar, cheibrodos_sewer_entry_sluice
D:4:      layout_basic

Skill      XL: |  1  2  3  4  5  6  7 |
---------------+----------------------+-----
Necromancy     | 5 6 7 8 |  8.4
Shields        | 1 2 3 |  3.9
Fighting       | 1 |  1.1
Dodging        | |  2.1
Stealth        | |  2.4
Spellcasting   | |  1.7

Action                   |  1- 3 |  4- 6 |  7- 9 || total
-------------------------+-------+-------+-------++-------
Melee: Short sword       |    19 |    47 |       ||    66
       Hand axe          |       |     1 |    18 ||    19
Throw: Dart              |       |     6 |       ||     6
 Cast: Pain              |    79 |    46 |       ||   125
       Vampiric Draining |       |    25 |     7 ||    32
  Use: Potion            |     2 |       |       ||     2
       Scroll            |       |     4 |       ||     4
Armor: Robe              |    15 |    14 |     6 ||    35
Dodge: Dodged            |    52 |    46 |    19 ||   117
Block: Buckler           |     8 |    17 |     5 ||    30

Table legend: (Time is in decaauts)
 A = Elapsed time spent in this place.
 B = Non-inter-level travel time spent in this place.
 C = Inter-level travel time spent in this place.
 D = Time resting spent in this place.
 E = Time spent auto-exploring this place.
 F = Levels seen in this place.
 G = Mean time per level.
                   A        B        C        D        E       F      G
               +--------+--------+--------+--------+--------+-----+--------+
         Total |   4745 |   4683 |     62 |    202 |   3625 |   5 |  949.0 |
       Dungeon |   4426 |   4364 |     62 |    202 |   3356 |   4 | 1106.5 |
         Sewer |    318 |    318 |      0 |      0 |    269 |   1 |  318.0 |
               +--------+--------+--------+--------+--------+-----+--------+

Top non-repeatable levels by time:
     D:3: 1642 daAuts
     D:2: 1428 daAuts
     D:1: 1139 daAuts
   Sewer: 318 daAuts
     D:4: 216 daAuts
